 Dungeon Crawl Stone Soup version 0.28-a0-199-g298df9dbad (webtiles) character file.

Game seed: 4837149575451264276

70 bande the Skirmisher (level 4, -6/64 HPs)
             Began as a Gargoyle Fighter on Aug 20, 2021.
             Killed by divine providence
             ... invoked by an orc priest
              (12 damage)
             ... on level 3 of the Dungeon.
             The game lasted 00:02:19 (1756 turns).

bande the Skirmisher (Gargoyle Fighter)             Turns: 1756, Time: 00:02:20

Health: -6/64      AC: 22    Str: 20    XL:     4   Next: 21%
Magic:  4/4        EV:  2    Int: 10    God:
Gold:   78         SH:  8    Dex: 10    Spells: 3/3 levels left

rFire   + . .      SeeInvis .   a - +0 war axe
rCold   + . .      Faith    .   c - +0 kite shield
rNeg    + + +      Spirit   .   (armour currently unavailable)
rPois   ∞          Reflect  .   (helmet currently unavailable)
rElec   +          Harm     .   (cloak currently unavailable)
rCorr   +          Rampage  .   (gloves currently unavailable)
Will    .....      NoTele   +   (boots currently unavailable)
Stlth   ..........              (no amulet)
HPRegen 0.20/turn               (no ring)
MPRegen 0.09/turn               (no ring)

@: mighty, berserking, tree-form, resistant, very quick
A: stationary, stasis, torment immunity, boosted hp, sickness immunity, AC +3,
negative energy resistance 1, (electricity resistance), torment resistance 1,
petrification resistance, (antennae 1), clever 1
a: no special abilities


You were on level 3 of the Dungeon.
You were a tree.
You visited 1 branch of the dungeon, and saw 3 of its levels.

You collected 78 gold pieces.

Inventory:

Hand Weapons
 a - a +0 war axe (weapon)
Armour
 b - a +0 scale mail (melded)
 c - a +0 kite shield (worn)
Scrolls
 g - 2 scrolls of torment {unknown}
 k - a scroll of holy word {unknown}
 l - a scroll of fog {unknown}
Potions
 d - a potion of might
 i - a potion of resistance
 m - a potion of degeneration {unknown}


   Skills:
 + Level 4.0 Fighting
 + Level 2.6 Axes
 + Level 3.6 Armour
 + Level 0.2 Dodging
 + Level 3.9 Shields


You had 3 spell levels left.
You didn't know any spells.
Your spell library was empty.

Dungeon Overview and Level Annotations

Branches:
Dungeon (3/15)

Altars:


Innate Abilities, Weirdness & Mutations

You are a tree.
Your roots penetrate the ground, keeping you stationary.
You cannot be teleported.
You are immune to unholy pain and torment.
Your maximum health is greatly increased.
Your equipment is partially melded.
You are immune to sickness and miasma.
((Your stone body is resilient. (AC +3)))
You are immune to poison.
You resist negative energy. (rN+)
((You are resistant to electric shocks. (rElec)))
You are resistant to unholy torment.
You are immune to petrification.
((You have a pair of small antennae on your head.))
Your mind is acute. (Int +2)


Message History

Your +0 scale mail melds into your body.
Your roots penetrate the ground.
The orc hits you but does no damage. The orc hits you with a +0 hand axe.
* * * LOW HITPOINT WARNING * * *
You block the frilled lizard's attack.
It was a potion of berserk rage.
A red film seems to cover your vision as you go berserk!
You feel yourself moving faster!
You feel mighty!
The orc hits you but does no damage. x2; You block the shadow imp's attack.
The orc hits you but does no damage.
The frilled lizard bites you but does no damage.
Unknown command.
You barely miss the frilled lizard. You barely miss the orc. You slash the orc!
You kill the orc!
You closely miss the shadow imp. You slash the orc!
You kill the orc!
The shadow imp hits you but does no damage.
The orc hits you but does no damage. You block the frilled lizard's attack.
The orc hits you but does no damage.
You closely miss the frilled lizard. You hit the quokka.
You hit the shadow imp. You closely miss the orc.
Your shield prevents you from hitting the orc.
You block the quokka's attack.
The shadow imp hits you but does no damage.
The orc hits you but does no damage.
The frilled lizard bites you but does no damage.
The orc hits you but does no damage.
Your shield prevents you from hitting the frilled lizard.
You hit the orc. You barely miss the orc. You hit the shadow imp.
You barely miss the orc.
Your shield prevents you from hitting the quokka.
You block the quokka's attack. You block the shadow imp's attack.
The orc hits you but does no damage. The orc hits you with a +0 short sword.
* * * LOW HITPOINT WARNING * * *
The frilled lizard bites you but does no damage.
The orc hits you but does no damage.
The quokka bites you but does no damage.
The orc priest invokes the aid of Beogh against you.
Beogh smites you!
You die... ######### #.......# #.......# #...5$..# #..oo♣o.# #.... #..oolro#

...#
#....w..#
?..#
....(.....+
..#
###.......#
[.##
#.......#
#..
.........
####.##
#..........
##..#...
#...<...


You could see a worm, 2 orc priests, a shadow imp, 4 orcs, a quokka and a
frilled lizard.

Vanquished Creatures
  An adder (D:2)
  A worm (D:2)
  2 dart slugs
  2 orcs (D:3)
  4 endoplasms
  4 giant cockroaches
  5 goblins
  A hobgoblin (D:2)
  6 jackals (D:2)
  6 kobolds
  A quokka (D:1)
  6 ball pythons
  2 bats (D:1)
  2 frilled lizards (D:2)
  4 rats
47 creatures vanquished.

Notes
Turn   | Place    | Note
-------+----------+-------------------------------------------
     0 | D:1      | bande the Gargoyle Fighter began the quest for the Orb.
     0 | D:1      | Reached XP level 1. HP: 14/14 MP: 1/1
   140 | D:1      | Reached XP level 2. HP: 16/19 MP: 2/2
   754 | D:1      | Reached XP level 3. HP: 24/24 MP: 3/3
   862 | D:1      | Found a faded altar of an unknown god.
  1256 | D:2      | Reached XP level 4. HP: 25/29 MP: 4/4
  1262 | D:2      | Reached skill level 4 in Fighting
  1751 | D:3      | Gained mutation: You have a pair of small antennae on your
                  | head. [potion of mutation]
  1751 | D:3      | Gained mutation: Your mind is acute. (Int +2) [potion of
                  | mutation]
  1756 | D:3      | Killed from afar by an orc priest

Illustrated notes

Levels and vault maps discovered:
D:1:      scummos_arrival_hexagon, layout_loops_ring,
          hellmonk_ecumenical_altar_inner_sanctum, grunt_decor_junction
D:2:      layout_basic, serial_forest, infiniplex_forest_straight_5,
          infiniplex_forest_pool, infiniplex_forest_lined_room_3,
          infiniplex_forest_clump_tiny, infiniplex_forest_straight_5,
          infiniplex_forest_diagonal, infiniplex_forest_clump_small,
          infiniplex_forest_straight_2
D:3:      layout_basic, dk_yredelemnul_ordeal,
          chequers_temple_overflow_statue_of_worship,
          mainiacjoe_overflow_catwalk, zin_statuary, serial_rivers,
          chequers_serial_rivers_large_a, chequers_serial_rivers_micro_a,
          chequers_serial_rivers_micro_d, chequers_serial_rivers_micro_c,
          chequers_serial_rivers_micro_b

Skill      XL: |  1  2  3  4 |
---------------+-------------+-----
Axes           | 2 |  2.6
Fighting       | 4 |  4.0
Armour         | |  3.6
Dodging        | |  0.2
Shields        | |  3.9

Action                   |  1- 3 |  4- 6 || total
-------------------------+-------+-------++-------
Melee: War axe           |    96 |    22 ||   118
  Use: Potion            |       |     5 ||     5
       Scroll            |       |     1 ||     1
Armor: Scale mail        |    55 |    16 ||    71
       Skin              |       |    16 ||    16
Dodge: Dodged            |    37 |     7 ||    44
Block: Kite shield       |    42 |    19 ||    61

Table legend: (Time is in decaauts)
 A = Elapsed time spent in this place.
 B = Non-inter-level travel time spent in this place.
 C = Inter-level travel time spent in this place.
 D = Time resting spent in this place.
 E = Time spent auto-exploring this place.
 F = Levels seen in this place.
 G = Mean time per level.
                   A        B        C        D        E       F      G
               +--------+--------+--------+--------+--------+-----+--------+
         Total |   1828 |   1814 |     14 |      0 |   1446 |   3 |  609.3 |
       Dungeon |   1828 |   1814 |     14 |      0 |   1446 |   3 |  609.3 |
               +--------+--------+--------+--------+--------+-----+--------+

Top non-repeatable levels by time:
     D:1: 955 daAuts
     D:2: 859 daAuts
     D:3: 14 daAuts
